 Dungeon Crawl Stone Soup version 0.19.4-8-ga85b6b9 (webtiles) character file.

188 Naow the Chopper (level 5, -1/67 HPs)
             Began as a Minotaur Berserker on Feb 13, 2017.
             Was a Believer of Trog.
             Killed from afar by an orc wizard (11 damage)
             ... with a puff of flame
             ... on level 4 of the Dungeon.
             The game lasted 00:03:38 (3416 turns).

Naow the Chopper (Minotaur Berserker)               Turns: 3416, Time: 00:03:39

Health: -1/67      AC:  2    Str: 27    XL:     5   Next: 39%
Magic:  4/4        EV: 12    Int:  4    God:    Trog [**....]
Gold:   122        SH:  0    Dex: 10    Spells: 0 memorised, 4 levels left

rFire  . . .     SeeInvis .     a - +0 hand axe
rCold  . . .     Gourm    .     b - +0 animal skin
rNeg   . . .     Faith    .     (no shield)
rPois  .         Spirit   .     (helmet restricted)
rElec  .         Reflect  .     (no cloak)
rCorr  .         Harm     .     (no gloves)
MR     .....                    (no boots)
Stlth  ..........               (no amulet)
                                (no ring)
                                (no ring)

@: confused, berserking (expiring), very quick
A: retaliatory headbutt, horns 2
a: Berserk, Trog's Hand, Burn Spellbooks, Renounce Religion


You were on level 4 of the Dungeon.
You worshipped Trog.
Trog was pleased with you.
You were hungry.

You visited 1 branch of the dungeon, and saw 4 of its levels.

You collected 122 gold pieces.

Inventory:

Hand Weapons
 a - a +0 hand axe (weapon)
Armour
 b - a +0 animal skin (worn)
Jewellery
 p - an uncursed ring of magical power {unknown}
 q - an uncursed ring of positive energy {unknown}
 u - an uncursed ring of see invisible {unknown}
Scrolls
 e - a scroll of immolation {unknown}
 g - 2 scrolls of identify {unknown}
 j - 3 scrolls of remove curse {unknown}
 l - a scroll of random uselessness {unknown}
 n - 2 scrolls of enchant armour {unknown}
 s - a scroll of amnesia {unknown}
 t - 2 scrolls of fear {unknown}
Potions
 f - 2 potions of berserk rage {unknown}
 h - a potion of degeneration {unknown}
 i - a potion of haste {unknown}
 m - a potion of magic {unknown}
 o - a potion of agility {unknown}
 r - a potion of lignification {unknown}
Books
 v - a book of Necromancy

   Spells                             Type                      Level
   a - Pain                           Necromancy                   1
   b - Animate Skeleton               Necromancy                   1
   c - Vampiric Draining              Necromancy                   3
   d - Regeneration                   Charms/Necromancy            3
   e - Animate Dead                   Necromancy                   4
   f - Control Undead                 Necromancy                   4
   Trog disapproves of the use of such an item.
Comestibles
 c - 3 bread rations
 d - 2 chunks of flesh
 k - 2 beef jerkies


   Skills:
 - Level 3.6 Fighting
 + Level 7.4 Axes
 - Level 2.4 Armour
 - Level 2.1 Dodging


You had 4 spell levels left.
You didn't know any spells.

Dungeon Overview and Level Annotations

Branches:
Dungeon (4/15)
 Temple: D:4-7

Altars:
Ru


Innate Abilities, Weirdness & Mutations

You reflexively headbutt those who attack you in melee.
You have a pair of horns on your head.


Message History

The orc wizard is almost dead.
You closely miss the orc. You barely miss the orc wizard.
The orc wizard is almost dead.
You closely miss the orc.
The orc wizard points at you and mumbles some strange words.
You are more confused.
The orc hits you.
* * * LOW HITPOINT WARNING * * *
You're too confused to move!
The orc wizard casts a spell at you. The magic dart hits you!
* * * LOW HITPOINT WARNING * * *
You feel a strong urge to attack something.
A phantom comes into view.
There is a stone staircase leading up here.
You bump into the rock wall.
The orc wizard gestures at you while chanting.
The puff of flame hits you!
You die...

# #. ####.
>....#
#...######..#
.###....@......#
......oo....#...
.#####.####.#
#.W # .... ###..
##. #. #.


You could see a phantom, an orc wizard and an orc.

Vanquished Creatures
  An orc wizard (D:3)
  Jessica (D:3)
  4 adders
  An ooze (D:3)
  4 worms (D:2)
  5 dart slugs
  2 leopard geckos
  5 orcs
  3 ball pythons
  9 bats
  4 giant cockroaches
  6 goblins
  5 hobgoblins
  3 jackals (D:2)
  6 frilled lizards
  6 kobolds
  4 rats
69 creatures vanquished.

Notes
Turn   | Place    | Note
-------+----------+-------------------------------------------
     0 | D:1      | Naow the Minotaur Berserker began the quest for the Orb.
     0 | D:1      | Reached XP level 1. HP: 19/19 MP: 0/0
    43 | D:1      | Reached skill level 4 in Axes
    52 | D:1      | Reached XP level 2. HP: 16/26 MP: 1/1
   759 | D:1      | Reached skill level 5 in Axes
   881 | D:2      | Reached XP level 3. HP: 26/31 MP: 2/2
  1011 | D:2      | Reached ** piety under Trog
  1194 | D:2      | Found a sacrificial altar of Ru.
  1860 | D:2      | Reached skill level 6 in Axes
  1860 | D:2      | Reached XP level 4. HP: 29/39 MP: 3/3
  2344 | D:3      | Reached XP level 5. HP: 29/45 MP: 4/4
  2566 | D:3      | Noticed Jessica
  2574 | D:3      | Killed Jessica
  2574 | D:3      | Reached skill level 7 in Axes
  3416 | D:4      | Noticed a phantom
  3416 | D:4      | Killed from afar by an orc wizard

Skill      XL: |  1  2  3  4  5 |
---------------+----------------+-----
Axes           | 4 5 6 7 |  7.4
Fighting       | |  3.6
Armour         | |  2.4
Dodging        | |  2.1

Action                   |  1- 3 |  4- 6 || total
-------------------------+-------+-------++-------
Melee: Hand axe          |    88 |    57 ||   145
       Headbutt          |    10 |    13 ||    23
Invok: Berserk           |       |     2 ||     2
  Eat: Chunk             |     3 |     6 ||     9
Armor: Animal skin       |    13 |    11 ||    24
Dodge: Dodged            |    54 |    41 ||    95
